 Dungeon Crawl Stone Soup version 0.25-a0-279-g53730b6a6f (webtiles) character file.

Game seed: 10424202208872174419, levelgen mode: deterministic

459 MoonlitKnight the Poker (level 7, -2/50 HPs)
             Began as a Merfolk Skald on Dec 10, 2019.
             Killed by divine providence
             ... invoked by an orc priest
              (15 damage)
             ... on level 4 of the Dungeon.
             The game lasted 00:14:53 (5466 turns).

MoonlitKnight the Poker (Merfolk Skald)             Turns: 5466, Time: 00:14:54

Health: -2/50      AC:  7    Str: 12    XL:     7   Next: 6%
Magic:  14/19      EV: 18    Int: 14    God:
Gold:   169        SH:  3    Dex: 13    Spells: 4/10 levels left

rFire    . . .     SeeInvis .   a - +0 trident
rCold    . . .     Gourm    .   (no shield)
rNeg     . . .     Faith    .   f - +0 ring mail
rPois    .         Spirit   .   (no helmet)
rElec    .         Reflect  +   (no cloak)
rCorr    .         Harm     .   v - +1 pair of gloves
MR       .....                  (no boots)
Stlth    +.........             t - +3 amulet of reflection
HPRegen  0.16/turn              s - +5 ring of evasion
MPRegen  0.16/turn              u - ring of magical power

@: no status effects
A: change form in water, swift swim, stealthy swim
a: no special abilities


You were on level 4 of the Dungeon.
You were not hungry.

You visited 1 branch of the dungeon, and saw 4 of its levels.

You collected 169 gold pieces.

Inventory:

Hand Weapons
 a - a +0 trident (weapon)
Missiles
 n - 25 poisoned darts (quivered)
 o - 8 datura-tipped darts
Armour
 b - a +0 leather armour
 f - a +0 ring mail (worn)
 v - a +1 pair of gloves (worn)
Jewellery
 s - a +5 ring of evasion (left hand)
 t - a +3 amulet of reflection (around neck)
 u - a ring of magical power (right hand)
Scrolls
 c - 3 scrolls of fog
 e - a scroll of teleportation
 g - a scroll of enchant weapon {unknown}
 h - 3 scrolls of identify
 j - a scroll of fear {unknown}
 k - a scroll of remove curse {unknown}
 q - a scroll of blinking {unknown}
Potions
 i - a potion of mutation
 l - 3 potions of curing
 m - a potion of flight
 w - a potion of heal wounds {unknown}
Comestibles
 d - 5 rations
 p - a chunk of flesh


   Skills:
 - Level 2.1 Fighting
 + Level 6.5 Polearms
 - Level 0.6 Armour
 + Level 5.9 Dodging
 - Level 2.0 Spellcasting
 + Level 0.4 Hexes
 - Level 5.5 Charms


You had 4 spell levels left.
You knew the following spells:

 Your Spells              Type           Power        Failure   Level  Hunger
a - Infusion              Chrm           ###.         5%          1    ##.....
b - Shroud of Golubria    Chrm/Tloc      #.....       26%         2    ###....
c - Spectral Weapon       Hex/Chrm       #.......     43%         3    ####...

Your spell library contained the following spells:

 Spells                   Type           Power        Failure   Level  Hunger
 Song of Slaying          Chrm           ###.....     9%          2    ###....
 Regeneration             Chrm/Necr      #.........   45%         3    ####...


Dungeon Overview and Level Annotations

Branches:
Dungeon (4/15)
 Temple: D:4-7

Altars:
Fedhas
Zin


Message History

* * * LOW HITPOINT WARNING * * *
You are too injured to fight recklessly!
You are too injured to fight recklessly!
The orc priest looks braver for a moment.
The orc priest closely misses you.
Casting: Infusion (safe; 5% risk of failure)
Confirm with . or Enter, or press ? or * to list all spells.
Space distorts slightly along a thin shroud covering your body.
The orc priest hits you with a +2 hand axe of electrocution.
* * * LOW HITPOINT WARNING * * *
Your shroud falls apart!
You hit the orc priest.
The orc priest is moderately wounded.
The orc priest calls down the wrath of Beogh upon you.
You struggle to resist.
You puncture the orc priest!
The orc priest is almost dead.
The orc priest calls down the wrath of Beogh upon you.
Beogh smites you!
You die...

##...)................# ###
###.....................##..##
........>...........##.......#
.............................#
..................##........#
#.........#...##.......##..#
##........##..# ##.....###.###
##..........##.####[[.........##
#............#.o@..[...........#
.........##.##.o[..............#
.รท.......##........[...........#
..........#....##.............###
................#...####........#
..........#..........##..##....##
..........#..........##..##...##
..............#.......#..##...#
..........##..#........<.....##


You could see an orc priest and an orc wizard.

Vanquished Creatures
  A crimson imp (D:4)
  3 orc priests
  5 orc wizards
  Terence (D:2)
  4 gnolls
  4 adders
  An ooze (D:3)
  3 dart slugs (D:1)
  4 worms
  4 leopard geckos
  14 orcs
  A giant cockroach (D:2)
  5 goblins
  3 hobgoblins
  4 quokkas
  A ball python (D:4)
  6 bats
  2 frilled lizards (D:3)
  3 kobolds
  A leopard gecko skeleton (D:3)
  A quokka skeleton (D:4)
  5 rats
76 creatures vanquished.

Vanquished Creatures (others)
  An orc wizard (D:3)
1 creature vanquished.

Grand Total: 77 creatures vanquished

Notes
Turn   | Place    | Note
-------+----------+-------------------------------------------
     0 | D:1      | MoonlitKnight the Merfolk Skald began the quest for the
                  | Orb.
     0 | D:1      | Reached XP level 1. HP: 16/16 MP: 3/3
   246 | D:1      | Reached XP level 2. HP: 18/22 MP: 1/5
  1064 | D:2      | Reached XP level 3. HP: 16/27 MP: 3/6
  1426 | D:2      | Reached skill level 4 in Polearms
  1685 | D:2      | Found a blossoming altar of Fedhas.
  1755 | D:2      | Noticed Terence
  1768 | D:2      | Killed Terence
  1768 | D:2      | Reached XP level 4. HP: 27/33 MP: 3/7
  1925 | D:2      | Learned a level 2 spell: Shroud of Golubria
  1929 | D:2      | Learned a level 3 spell: Spectral Weapon
  2098 | D:2      | Found a glowing silver altar of Zin.
  2761 | D:3      | Reached XP level 5. HP: 11/38 MP: 8/8
  2828 | D:2      | Reached skill level 5 in Polearms
  3641 | D:3      | Reached skill level 5 in Dodging
  4062 | D:3      | Reached XP level 6. HP: 44/44 MP: 6/9
  4244 | D:3      | Reached skill level 5 in Charms
  5072 | D:4      | Reached skill level 6 in Polearms
  5455 | D:4      | Reached XP level 7. HP: 34/50 MP: 10/10
  5466 | D:4      | Killed from afar by an orc priest

Levels and vault maps discovered:
D:1:      shiori_shiawase, layout_basic
D:2:      layout_loops_ring, zin_scriptorium, moated_statue,
          grunt_ministairs_14, fedhas_altar_4, uniq_terence
D:3:      layout_loops_ring, first_ration
D:4:      layout_cave_pools, tgw_trog, serial_shops, shop

Skill      XL: |  1  2  3  4  5  6 |
---------------+-------------------+-----
Dodging        | 3 4 5 |  5.9
Polearms       | 4 5 6 |  6.5
Charms         | 4 5 |  5.5
Fighting       | |  2.1
Armour         | |  0.6
Spellcasting   | |  2.0
Hexes          | |  0.4

Action                   |  1- 3 |  4- 6 |  7- 9 || total
-------------------------+-------+-------+-------++-------
Melee: Spear             |   101 |   304 |       ||   405
       Trident           |       |    11 |     4 ||    15
Throw: Dart              |    17 |     9 |       ||    26
 Cast: Infusion          |    13 |    15 |       ||    28
       Shroud of Golubri |       |     4 |     1 ||     5
  Use: Scroll            |       |     7 |       ||     7
       Potion            |       |     3 |       ||     3
 Stab: Sleeping          |     1 |       |       ||     1
  Eat: Chunk             |     2 |    10 |       ||    12
       Ration            |       |     1 |       ||     1
Armor: Leather armour    |    13 |       |       ||    13
       Ring mail         |       |    53 |     1 ||    54
       Skin              |       |    19 |       ||    19
Dodge: Dodged            |    40 |   216 |     2 ||   258
Block: Other             |       |    30 |       ||    30
       Reflection        |       |     2 |       ||     2

Table legend:
 A = Non-vault XP
 B = Vault XP
 C = Vault XP percentage of total XP
 D = Non-vault monster count
 E = Vault monster count
 F = Vault count percentage of total count
                 A         B        C        D         E       F
            +---------+---------+-------+---------+---------+-------
      Total |     618 |      39 |   5.9 |      74 |       3 |   3.9
            +---------+---------+-------+---------+---------+-------
        D:1 |      30 |       0 |   0.0 |      13 |       0 |   0.0
        D:2 |      93 |      39 |  29.5 |      12 |       3 |  20.0
        D:3 |     197 |       0 |   0.0 |      31 |       0 |   0.0
        D:4 |     298 |       0 |   0.0 |      18 |       0 |   0.0
            +---------+---------+-------+---------+---------+-------
